 Dungeon Crawl Stone Soup version 0.27-a0-498-g7ecbb0a48f (webtiles) character file.

Game seed: 15262784824837012847

56 BattleRest the Skirmisher (level 3, -10/33 HPs)
             Began as a Hill Orc Fighter on Mar 3, 2021.
             Mangled by an orc warrior
             ... wielding a +0 dire flail
              (16 damage)
             ... on level 2 of the Dungeon.
             The game lasted 00:02:37 (1293 turns).

BattleRest the Skirmisher (Hill Orc Fighter)        Turns: 1293, Time: 00:02:38

Health: -10/33     AC:  7    Str: 19    XL:     3   Next: 97%
Magic:  3/3        EV:  7    Int:  8    God:
Gold:   52         SH: 10    Dex: 16    Spells: 2/2 levels left

rFire    . . .     SeeInvis .   a - +0 war axe
rCold    . . .     Faith    .   c - +0 kite shield
rNeg     . . .     Spirit   .   b - +0 scale mail
rPois    .         Reflect  .   (no helmet)
rElec    .         Harm     .   (no cloak)
rCorr    .         Rampage  .   (no gloves)
Will     .....                  (no boots)
Stlth    ..........             (no amulet)
HPRegen  0.11/turn              g - +6 ring of dexterity
MPRegen  0.08/turn              (no ring)

@: no status effects
A: no striking features
a: Convert to Beogh


You were on level 2 of the Dungeon.
You visited 1 branch of the dungeon, and saw 2 of its levels.

You collected 52 gold pieces.

Inventory:

Hand Weapons
 a - a +0 war axe (weapon)
Armour
 b - a +0 scale mail (worn)
 c - a +0 kite shield (worn)
Jewellery
 g - a +6 ring of dexterity (left hand)
Scrolls
 e - a scroll of amnesia {unknown}
 f - 4 scrolls of fear {unknown}
Potions
 d - a potion of might


   Skills:
 + Level 4.2 Fighting
 + Level 3.5 Axes
 + Level 3.8 Armour
 + Level 3.9 Shields


You had 2 spell levels left.
You didn't know any spells.
Your spell library was empty.

Dungeon Overview and Level Annotations

Branches:
Dungeon (2/15)

Altars:


Message History

The worm closely misses you.
You slash the worm!
The worm is almost dead.
The worm closely misses you.
You slash the worm!
You kill the worm!
No target in view!
No target in view!
There is a stone staircase leading down here.
You see here a giant cockroach corpse.
f - 4 scrolls labelled QOABBEBLURUM (gained 3)
A frilled lizard comes into view.
The frilled lizard hisses angrily.
Found a spear.
You block the frilled lizard's attack.
You open the door.
There is an open door here.
You miss the frilled lizard. The frilled lizard bites you.
The frilled lizard bites you but does no damage.
You hit the frilled lizard but do no damage.
The frilled lizard closely misses you.
The frilled lizard bites you but does no damage.
You slash the frilled lizard!
You kill the frilled lizard!
There is an open door here.
There is an open door here.
There is an open door here.
The orc warrior shouts!
The orc priest shouts!
The orc warrior drinks a potion.
The orc warrior seems to grow stronger.
You barely miss the orc warrior. The orc warrior barely misses you.
You hit the orc warrior but do no damage.
The orc warrior hits you with a +0 dire flail!!
Ouch! That really hurt!
* * * LOW HITPOINT WARNING * * *
You barely miss the orc priest.
Your shield and scale mail prevent you from hitting the orc warrior.
You block the orc priest's attack.
The orc warrior hits you with a +0 dire flail!
You die...

#.# #.# #.# ..
#.# ######...
#.###........
#...........#
#####.###......#
#.# .#....+
#@###.....#
#oo.#.....#
###.#.....#
#o#.....#
#.......#
#o......#
#.......##
#........#
#####........#


You could see an orc warrior (strong), an orc priest and an orc.

Vanquished Creatures
  A gnoll (D:1)
  A worm (D:2)
  A dart slug (D:1)
  4 leopard geckos (D:1)
  4 bats
  A giant cockroach (D:2)
  5 goblins (D:1)
  3 hobgoblins
  2 jackals (D:1)
  6 kobolds
  4 frilled lizards
  4 rats
36 creatures vanquished.

Vanquished Creatures (others)
  2 plants (D:2)
2 creatures vanquished.

Grand Total: 38 creatures vanquished

Notes
Turn   | Place    | Note
-------+----------+-------------------------------------------
     0 | D:1      | BattleRest the Hill Orc Fighter began the quest for the
                  | Orb.
     0 | D:1      | Reached XP level 1. HP: 19/19 MP: 1/1
    98 | D:1      | Reached XP level 2. HP: 27/27 MP: 2/2
   158 | D:1      | Reached skill level 4 in Fighting
   228 | D:1      | Reached XP level 3. HP: 33/33 MP: 3/3
   973 | D:2      | Noticed an orc warrior
  1293 | D:2      | Mangled by an orc warrior

Illustrated notes

Levels and vault maps discovered:
D:1:      eino_arrival_water_cross, layout_basic
D:2:      layout_basic, chequers_ecumenical_altar_simple_redux,
          serial_bayou_pond_a

Skill      XL: |  1  2 |
---------------+-------+-----
Axes           | 3 |  3.5
Fighting       | 4 |  4.2
Armour         | |  3.8
Shields        | |  3.9

Action                   || total
-------------------------++-------
Melee: War axe           ||    95
Armor: Scale mail        ||    43
Dodge: Dodged            ||    27
Block: Kite shield       ||    51

Table legend: (Time is in decaauts)
 A = Elapsed time spent in this place.
 B = Non-inter-level travel time spent in this place.
 C = Inter-level travel time spent in this place.
 D = Time resting spent in this place.
 E = Time spent auto-exploring this place.
 F = Levels seen in this place.
 G = Mean time per level.
                   A        B        C        D        E       F      G
               +--------+--------+--------+--------+--------+-----+--------+
         Total |   1346 |   1281 |     65 |    104 |    818 |   2 |  673.0 |
       Dungeon |   1346 |   1281 |     65 |    104 |    818 |   2 |  673.0 |
               +--------+--------+--------+--------+--------+-----+--------+

Top non-repeatable levels by time:
     D:1: 1043 daAuts
     D:2: 302 daAuts
